 Dungeon Crawl Stone Soup version 0.17.0-1-g61d176b (webtiles) character file.

7161 Sarah the Cleaver (level 10, -11/132 HPs)
             Began as a Minotaur Berserker on Nov 7, 2015.
             Was a Priest of Trog.
             Mangled by Snorg (13 damage)
             ... on level 10 of the Dungeon.
             The game lasted 00:40:00 (10285 turns).

Sarah the Cleaver (Minotaur Berserker)             Turns: 10285, Time: 00:40:00

Health: -11/132    AC: 19    Str: 28    XL:     10   Next: 86%
Magic:  12/12      EV:  9    Int:  4    God:    Trog [***...]
Gold:   605        SH:  0    Dex: 12    Spells: 0 memorised, 9 levels left

rFire  . . .     SeeInvis .     Y - +0 battleaxe
rCold  . . .     Clarity  .     p - +0 plate armour
rNeg   . . .     SustAt   .     (shield currently unavailable)
rPois  .         Gourm    .     (helmet restricted)
rElec  .         Spirit   .     N - +0 cloak
rCorr  +         Warding  .     k - +1 pair of gloves
rMut   .         Stasis   .     (no boots)
MR     ++...                    R - amulet of resist corrosion
Stlth  ..........               (no ring)
                                (no ring)

@: berserking, regenerating, very quick, very resistant to hostile enchantments,
extremely unstealthy
A: retaliatory headbutt, horns 2
a: Berserk, Trog's Hand, Burn Spellbooks, Renounce Religion


You were on level 10 of the Dungeon.
You worshipped Trog.
Trog was most pleased with you.
You were not hungry.

You visited 2 branches of the dungeon, and saw 11 of its levels.
You also visited: Sewer.

You collected 633 gold pieces.
You spent 28 gold pieces at shops.

Inventory:

Hand Weapons
 a - a +0 hand axe
 b - a +0 blowgun
 I - the +5 trident of the Hidden Vale {pierce, Str+2}
   (You found it on level 4 of the Dungeon)

   It inflicts extra damage upon your enemies.
   It affects your strength (+2).
 K - a +0 shortbow of evasion
 U - a +2 hand axe
 Y - a +0 battleaxe (weapon)
Missiles
 h - 236 stones
 j - 29 arrows of flame
 m - 13 bolts of penetration
 x - 55 poisoned needles
 y - 37 sling bullets
 G - 10 tomahawks (quivered)
 J - 4 curare-tipped needles
 P - 74 arrows
 S - 5 javelins of returning
Armour
 k - a +1 pair of gloves (worn)
 p - a +0 plate armour (worn)
 N - a +0 cloak (worn)
Jewellery
 n - an uncursed ring of fire
 H - an uncursed ring of positive energy {unknown}
 R - an amulet of resist corrosion (around neck)
Wands
 q - a wand of confusion (18)
 r - a wand of random effects (27)
 z - a wand of digging (4)
 L - a wand of teleportation (4)
 O - a wand of slowing (26)
 Q - a wand of frost (18)
 V - a wand of magic darts (27)
 X - a wand of disintegration (8)
Scrolls
 d - 3 scrolls of blinking {unknown}
 g - 8 scrolls of identify
 o - 2 scrolls of enchant armour {unknown}
 s - 5 scrolls of teleportation {unknown}
 t - 2 scrolls of fog {unknown}
 u - 2 scrolls of noise {unknown}
 w - 9 scrolls of remove curse {unknown}
 B - 4 scrolls of magic mapping {unknown}
 E - a scroll of random uselessness {unknown}
 T - a scroll of fear {unknown}
Potions
 e - 5 potions of curing
 f - a potion of magic {unknown}
 l - a potion of cancellation
 v - a potion of resistance {unknown}
 A - a potion of brilliance {unknown}
 F - a potion of berserk rage {unknown}
 M - 2 potions of heal wounds {unknown}
Comestibles
 c - 8 bread rations
 i - 4 meat rations
 C - 4 royal jellies
 D - 13 chunks of flesh
 W - a beef jerky
 Z - 9 fruits


   Skills:
 + Level 7.8 Fighting
 * Level 12.2(12.3) Axes
 - Level 3.0(8.6) Polearms
 + Level 4.3 Throwing
 * Level 11.1 Armour
 - Level 2.1 Dodging
 + Level 5.2 Evocations


You had 9 spell levels left.
You didn't know any spells.

Dungeon Overview and Level Annotations

Branches:
Dungeon (10/15)            Temple (1/1) D:6            Lair (0/8) D:9
    Orc: D:9-12

Altars:
Ashenzari
Cheibriados
Dithmenos
Elyvilon
Fedhas
Gozag
Kikubaaqudgha
Makhleb
Nemelex Xobeh
Okawaru
Qazlal
Ru
Sif Muna
Trog
Vehumet
Xom
Yredelemnul
Zin
The Shining One

Shops:
D:4 (   D:6 %   D:8 [

Annotations:
D:10 Snorg


Innate Abilities, Weirdness & Mutations

You reflexively headbutt those who attack you in melee.
You have a pair of horns on your head.


Message History

You closely miss Snorg. You headbutt Snorg.
Snorg is lightly wounded.
Snorg bites you but does no damage. Snorg claws you.
Snorg claws you but does no damage. Snorg bites you.
* * * LOW HITPOINT WARNING * * *
Snorg claws you but does no damage. x2
A red film seems to cover your vision as you go berserk!
You feel yourself moving faster!
You feel mighty!
You feel somewhat more hungry. Snorg bites you.
* * * LOW HITPOINT WARNING * * *
Snorg claws you!
* * * LOW HITPOINT WARNING * * *
Snorg claws you!
* * * LOW HITPOINT WARNING * * *
You slice Snorg!!
Snorg is moderately wounded.
Snorg bites you!
* * * LOW HITPOINT WARNING * * *
Snorg closely misses you. Snorg claws you!
You die...

#.#..#.#
#.#......#
#.#....#
#.#.######
#.#..# #.#.#
#.#..#######.#.#
#.##>..........#
#.##########.###
#.# #......#.#
#.# #.T...[#.#
... .......#@#
#......#T#
.........#
#.########


You could see Snorg (berserk).

Vanquished Creatures
  Pikel (D:6)
  Maurice (D:8)
  The ghost of Rayvis the Skirmisher, an amateur MiFi of Okawaru (D:3)
  3 yaks (D:9)
  2 hippogriffs
  A hungry ghost (D:9)
  Edmund (D:5)
  4 ice beasts
  2 black bears
  A soldier ant (D:8)
  3 slaves (D:6)
  An orc warrior (D:7)
  5 ogres
  2 phantoms
  2 crocodiles (D:9)
  3 big kobolds
  Blork the orc (D:6)
  3 centaurs
  5 giant frogs
  A gnoll sergeant (D:10)
  A water moccasin zombie (D:7)
  4 scorpions
  2 killer bees
  2 wights (D:9)
  A troll skeleton (D:9)
  5 spriggan skeletons (D:9)
  6 hounds
  5 orc priests
  4 crimson imps
  A centaur zombie (D:6)
  3 jellies
  Crazy Yiuf (D:5)
  7 orc wizards
  4 centaur skeletons
  Terence (D:2)
  An iguana (D:9)
  20 worker ants
  A hound skeleton (D:7)
  A hound zombie (D:8)
  A mummy (D:7)
  2 worker ant zombies
  13 adders
  5 gnolls (D:10)
  A river rat (Sewer)
  2 shadow imps
  An ooze (D:4)
  2 adder skeletons
  3 worms (D:2)
  27 orcs
  12 giant cockroaches
  9 goblins
  4 hobgoblins
  7 ball pythons
  11 bats
  A giant cockroach zombie (D:5)
  3 giant geckos
  4 giant newts
  3 jackals (D:2)
  A jackal skeleton (D:4)
  28 kobolds
  7 quokkas
  2 quokka zombies
  7 rats
  A butterfly (D:8)
270 creatures vanquished.

Vanquished Creatures (others)
  A slave (D:6)
  A plant (D:4)
2 creatures vanquished.

Grand Total: 272 creatures vanquished

Notes
Turn   | Place    | Note
--------------------------------------------------------------
     0 | D:1      | Sarah the Minotaur Berserker began the quest for the Orb.
     0 | D:1      | Reached XP level 1. HP: 19/19 MP: 0/0
    43 | D:1      | Reached skill level 4 in Axes
    88 | D:1      | Reached XP level 2. HP: 26/26 MP: 1/1
   534 | D:1      | Reached ** piety under Trog
   765 | D:2      | Reached skill level 5 in Axes
   768 | D:1      | Reached XP level 3. HP: 10/31 MP: 2/2
  1243 | D:2      | Noticed Terence
  1252 | D:2      | Killed Terence
  1368 | D:2      | Reached XP level 4. HP: 39/39 MP: 3/3
  1490 | D:2      | Reached skill level 6 in Axes
  1849 | D:3      | Found a white marble altar of Elyvilon.
  1938 | D:3      | Found a glowing drain.
  1955 | Sewer    | Entered a sewer
  1985 | Sewer    | Reached XP level 5. HP: 40/45 MP: 4/4
  2037 | Sewer    | Noticed a big kobold
  2062 | Sewer    | Killed a big kobold
  2062 | Sewer    | Reached skill level 7 in Axes
  2146 | Sewer    | Reached XP level 6. HP: 40/51 MP: 5/5
  2224 | Sewer    | Reached *** piety under Trog
  2259 | Sewer    | Noticed a big kobold
  2271 | Sewer    | Killed a big kobold
  2405 | D:3      | Noticed Rayvis's ghost (amateur MiFi)
  2424 | D:3      | Killed Rayvis's ghost
  2424 | D:3      | Reached skill level 8 in Axes
  2424 | D:3      | Reached skill level 5 in Armour
  2424 | D:3      | Reached XP level 7. HP: 57/57 MP: 6/6
  2560 | D:3      | Found a glowing silver altar of Zin.
  2648 | D:3      | Found a deep blue altar of Sif Muna.
  3566 | D:4      | Reached skill level 9 in Axes
  3659 | D:4      | Got a brightly glowing trident
  3684 | D:4      | Reached XP level 8. HP: 60/64 MP: 7/7
  3700 | D:4      | Found Tiepti's Weapon Emporium.
  3756 | D:4      | Bought 4 curare-tipped needles for 28 gold pieces
  4030 | D:4      | Reached **** piety under Trog
  4351 | D:5      | Entered Level 5 of the Dungeon
  4562 | D:5      | Noticed Edmund
  4587 | D:5      | Killed Edmund
  4587 | D:5      | Reached skill level 10 in Axes
  4624 | D:5      | Found a shattered altar of Ashenzari.
  4826 | D:5      | Identified the +5 trident of the Hidden Vale {pierce, Str+2} (You found it on level 4 of the Dungeon)
  4893 | D:5      | Noticed Crazy Yiuf
  4902 | D:5      | Killed Crazy Yiuf
  5281 | D:6      | Reached XP level 9. HP: 55/70 MP: 8/8
  5420 | D:6      | Noticed Pikel
  5443 | D:6      | Killed Pikel
  5443 | D:6      | Reached skill level 11 in Axes
  5558 | D:6      | Reached skill level 10 in Armour
  5676 | D:6      | Noticed Blork the orc
  5683 | D:6      | Killed Blork the orc
  5779 | D:6      | Found a staircase to the Ecumenical Temple.
  5828 | Temple   | Entered the Ecumenical Temple
  5883 | D:6      | Upgraded the game from 0.17.0 to 0.17.0-1-g61d176b
  5891 | D:6      | Found Nix Jawk's Food Shop.
  6478 | D:7      | Found a snail-covered altar of Cheibriados.
  6538 | D:7      | Reached skill level 12 in Axes
  6729 | D:7      | Found a basalt altar of Yredelemnul.
  6729 | D:7      | Found a bloodstained altar of Trog.
  7034 | D:7      | Reached skill level 1 in Evocations
  7169 | D:8      | Found a runed door.
  7189 | D:8      | Found a runed door.
  7204 | D:8      | Found Vipn's Antique Armour Emporium.
  7311 | D:8      | Reached XP level 10. HP: 78/80 MP: 10/10
  7339 | D:8      | Noticed a centaur skeleton
  7361 | D:8      | Killed a centaur skeleton
  7361 | D:8      | Reached skill level 5 in Fighting
  7920 | D:8      | Noticed Maurice
  7932 | D:8      | Killed Maurice
  8735 | D:8      | Received a gift from Trog
  9148 | D:9      | Noticed an elephant
  9290 | D:9      | Noticed a death yak
  9384 | D:9      | Found a staircase to the Lair.
  9795 | D:9      | Reached skill level 5 in Evocations
 10052 | D:10     | Entered Level 10 of the Dungeon
 10272 | D:10     | Noticed Snorg
 10285 | D:10     | HP: 2/132 [Snorg (12)]
 10285 | D:10     | Mangled by Snorg

Action                   |  1- 3 |  4- 6 |  7- 9 | 10-12 || total
-------------------------+-------+-------+-------+-------++-------
Melee: Hand axe          |    59 |   123 |   441 |   388 ||  1011
       Trident           |       |       |    31 |       ||    31
       Battleaxe         |       |       |       |    31 ||    31
 Fire: Blowgun           |       |       |    19 |       ||    19
Throw: Stone             |       |    13 |    15 |       ||    28
       Tomahawk          |       |       |     6 |    15 ||    21
Invok: Berserk           |     2 |     2 |     4 |     2 ||    10
       Trog's Hand       |     1 |     3 |     8 |     9 ||    21
       Burn Spellbooks   |       |       |     1 |       ||     1
Evoke: Wand              |       |       |       |     1 ||     1
  Use: Scroll            |       |       |       |     5 ||     5
       Potion            |       |       |       |     5 ||     5
  Eat: Chunk             |     4 |     3 |    10 |    16 ||    33
       Royal jelly       |       |     1 |       |       ||     1
       Beef jerky        |       |       |     1 |       ||     1
       Bread ration      |       |       |     2 |       ||     2
